 Dungeon Crawl Stone Soup version 0.29.0-4-gdea44cf6ec (webtiles) character file.

Game seed: 9576512207073053566

3 qw the Chopper (level 1, -1/12 HPs)
             Began as a Tengu Warper on Aug 28, 2022.
             Slain by a gnoll
             ... wielding a +0 whip
              (8 damage)
             ... on level 1 of the Dungeon.
             The game lasted 00:00:00 (226 turns).

qw the Chopper (Tengu Warper)                        Turns: 226, Time: 00:00:01

Health: -1/12      AC:  3    Str: 11    XL:     1   Next: 50%
Magic:  4/4        EV: 11    Int: 13    God:
Gold:   28         SH:  0    Dex: 13    Spells: 4/4 levels left

rFire   . . .      SeeInvis .   a - +0 hand axe
rCold   . . .      Faith    .   (no shield)
rNeg    . . .      Spirit   .   b - +0 leather armour
rPois   .          Reflect  .   (helmet restricted)
rElec   .          Harm     .   (no cloak)
rCorr   .          Rampage  .   (no gloves)
Will    .....                   (boots unavailable)
Stlth   +.........              (no amulet)
HPRegen 0.04/turn               (no ring)
MPRegen 0.09/turn               (no ring)

@: no status effects
A: beak, talons 3
a: no special abilities


You were on level 1 of the Dungeon.
You visited 1 branch of the dungeon, and saw 1 of its levels.

You collected 28 gold pieces.


Innate Abilities, Weirdness & Mutations

You have a beak for a mouth.
You have claws for feet.


   Skills:
 - Level 2.0 Fighting
 + Level 2.5 Axes
 - Level 1.0 Throwing
 - Level 1.1 Armour
 - Level 2.1 Dodging
 - Level 2.0 Spellcasting
 - Level 2.4 Translocations


You had 4 spell levels left.
You didn't know any spells.
Your spell library contained the following spells:

 Spells                   Type           Power      Damage    Failure   Level
 Blink                    Tloc           14%        N/A       19%         2
 Gell's Gravitas          Tloc           7%         N/A       36%         3
 Lesser Beckoning         Tloc           7%         N/A       36%         3
 Teleport Other           Tloc           7%         N/A       36%         3
 Manifold Assault         Tloc           7%         N/A       98%         5

Inventory:

Hand Weapons
 a - a +0 hand axe (weapon)
Missiles
 d - a boomerang of dispersal (quivered)
Armour
 b - a +0 leather armour (worn)
 f - a +0 ring mail
Scrolls
 c - a scroll of blinking
Potions
 e - a potion of brilliance {unknown}

Dungeon Overview and Level Annotations

Branches:
Dungeon (1/15)

Altars:


Message History

Throw: 4 boomerangs (disperse)
Press: ? - help, Q - select action Shift-Dir - straight line, f/p - hobgoblin You throw a boomerang of dispersal.
The boomerang of dispersal closely misses the hobgoblin.
You barely miss the hobgoblin. You peck the hobgoblin.
You kill the hobgoblin!
You see here a hobgoblin corpse.
Found a stone staircase leading down.
Enter note: A giant cockroach comes into view.
Throw: 3 boomerangs (disperse)
Press: ? - help, Q - select action Shift-Dir - straight line, f - giant cockroach You throw a boomerang of dispersal.
The boomerang of dispersal hits the giant cockroach.
The giant cockroach blinks!
You kill the giant cockroach!
You now have 28 gold pieces (gained 16).
f - a +0 ring mail A kobold and a gnoll come into view.
The kobold shouts!
The gnoll shouts!
Enter note: Throw: 2 boomerangs (disperse)
Press: ? - help, Q - select action Shift-Dir - straight line, f - kobold You throw a boomerang of dispersal.
The boomerang of dispersal misses the kobold.
You completely miss the kobold. The kobold barely misses you.
The kobold hits you but does no damage.
You closely miss the kobold. You peck the kobold.
The kobold is moderately wounded.
The kobold completely misses you.
You barely miss the kobold. You claw the kobold. You peck the kobold.
The kobold is severely wounded.
You hit the gnoll. The gnoll hits you with a +0 whip.
The kobold hits you but does no damage.
You barely miss the kobold.
The kobold is severely wounded.
You barely miss the gnoll. The gnoll hits you with a +0 whip!
Ouch! That really hurt!
You die...

#. ## #. #. ## #.
############# #
#.#####............
...
#.#.....###########
....##.#.#####
#...'...
......K#..#
#.#.#.#. #g@#.#
####.#.##
..........#
#........
....##.####
#.##...## ### #.
#.<#...#. #.
####...## ..
####...## #.
#######..[.### #.
........####
......#.#


You could see a gnoll and a kobold.

Vanquished Creatures
  A giant cockroach (D:1)
  A hobgoblin (D:1)
  A bat (D:1)
3 creatures vanquished.

Notes
Turn   | Place    | Note
-------+----------+-------------------------------------------
     0 | D:1      | qw the Tengu Warper began the quest for the Orb.
     0 | D:1      | Reached XP level 1. HP: 12/12 MP: 4/4
     0 | D:1      | 0 ||| qw: Version: 0.1-a-89-g26bdef1
     0 | D:1      | 0 ||| qw: Game counter: 1713
     0 | D:1      | 0 ||| qw: Always use a shield: true
     0 | D:1      | 0 ||| qw: God list: Okawaru
     0 | D:1      | 0 ||| qw: Allow faded altars: false
     0 | D:1      | 0 ||| qw: Do Orc after D:15 true
     0 | D:1      | 0 ||| qw: Do second Lair branch before Depths: true
     0 | D:1      | 0 ||| qw: Lair rune preference: random
     0 | D:1      | 0 ||| qw: Plans: Normal
     0 | D:1      | 0 ||| PLANNING D:1-11
   226 | D:1      | Slain by a gnoll

Levels and vault maps discovered:
D:1:      onia_arrival_mini_spirals, layout_basic

Action                   || total
-------------------------++-------
Melee: Hand axe          ||     6
       Peck              ||     3
       Kick              ||     1
Throw: Boomerang         ||     6
Armor: Leather armour    ||     2
Dodge: Dodged            ||     2

Table legend:
 A = Non-vault XP
 B = Vault XP
 C = Vault XP percentage of total XP
 D = Non-vault monster count
 E = Vault monster count
 F = Vault count percentage of total count
                 A         B        C        D         E       F
            +---------+---------+-------+---------+---------+-------
      Total |       5 |       0 |   0.0 |       3 |       0 |   0.0
            +---------+---------+-------+---------+---------+-------
        D:1 |       5 |       0 |   0.0 |       3 |       0 |   0.0
            +---------+---------+-------+---------+---------+-------
